 Dungeon Crawl Stone Soup version 0.32-a0-900-g30fb1b0edc (webtiles) character file.

Game seed: 5071833334980872943

52 GiantSquids the Chopper (level 3, -5/31 HPs)
             Began as a Mountain Dwarf Fighter on Apr 5, 2024.
             Killed from afar by Natasha (6 damage)
             ... with a magic dart
             ... on level 2 of the Dungeon.
             The game lasted 00:01:00 (740 turns).

GiantSquids the Chopper (Mountain Dwarf Fighter)     Turns: 740, Time: 00:01:00

Health: -5/31      AC:  6    Str: 20    XL:     3   Next: 60%
Magic:  3/3        EV:  8    Int:  8    God:
Gold:   16         SH:  4    Dex:  9    Spells: 2/2 levels left

rFire   . . .        a - +0 war axe
rCold   . . .        c - +0 buckler
rNeg    . . .        b - +0 scale mail
rPois   .            (no helmet)
rElec   .            (no cloak)
rCorr   .            (no gloves)
SInv    .            (no boots)
Will    .....        (no amulet) Stlth
                     (no ring)
HPRegen 0.25/turn    (no ring)
MPRegen 0.08/turn

%: no passive effects
@: slowed, very slow
A: runic magic, artefact enchanting
a: no special abilities


You were on level 2 of the Dungeon.
You visited 1 branch of the dungeon, and saw 2 of its levels.

You collected 16 gold pieces.

Inventory:

Hand Weapons
 a - a +0 war axe (weapon)
Armour
 b - a +0 scale mail (worn)
 c - a +0 buckler (worn)
Jewellery
 e - an amulet of faith
Scrolls
 f - a scroll of amnesia {unknown}
 g - a scroll of teleportation {unknown}
Potions
 d - a potion of might
 h - a potion of heal wounds {unknown}
 i - a potion of haste {unknown}


   Skills:
 - Level 3.2 Fighting
 + Level 4.9 Axes
 - Level 3.2 Armour
 - Level 3.2 Shields


You had 2 spell levels left.
You didn't know any spells.
Your spell library contained the following spells:

 Spells                   Type           Power      Damage    Failure   Level
 Apportation              Tloc           0%         N/A       56%         1
 Necrotise                Necr           0%         1d4       56%         1
 Sting                    Conj/Alch      0%         1d3       56%         1
 Summon Small Mammal      Summ           0%         N/A       56%         1
 Vampiric Draining        Necr           0%         2d6       91%         3
 Martyr's Knell           Necr/Summ      0%         N/A       100%        4
 Curse of Agony           Necr           0%         N/A       100%        5


Dungeon Overview and Level Annotations

Branches:
Dungeon (2/15)

Altars:

Annotations:
D:2 Natasha


Innate Abilities, Weirdness & Mutations

Your spellcasting is much less encumbered by armour.
You can use scrolls of enchantment on lesser artefacts.


Message History

The cerulean imp hits you from afar with a +0 spear.
You block the jackal's attack.
You barely miss the jackal.
The jackal is severely wounded.
You hit Natasha. You block the jackal's attack.
Natasha claws you but does no damage. The cerulean imp closely misses you.
The jackal bites you.
You slash the jackal!
You kill the jackal!
You hit Natasha. Natasha closely misses you.
The cerulean imp hits you but does no damage.
Natasha claws you but does no damage.
You barely miss Natasha.
Natasha is moderately wounded.
The cerulean imp completely misses you.
Natasha stares at you and mumbles some strange words.
The magic dart hits you.
The cerulean imp hits you from afar with a +0 spear.
You closely miss Natasha.
Natasha is moderately wounded.
Natasha casts a spell at you.
You feel yourself slow down. The cerulean imp barely misses you.
You hit Natasha.
Natasha is heavily wounded.
Natasha closely misses you.
The cerulean imp hits you but does no damage.
Natasha claws you!
* * * LOW HITPOINT WARNING * * *
You block the cerulean imp's attack.
You hit Natasha.
Natasha is severely wounded.
The cerulean imp disappears in a puff of smoke!
Natasha stares at you and mumbles some strange words.
The magic dart hits you.
* * * LOW HITPOINT WARNING * * *
Natasha mewls in sadness.
Natasha stares at you and mumbles some strange words.
The magic dart hits you.
You die...
Natasha begins licking her fur clean.

#.#.##.####
##.#.......#
#.....#.##.# #
##.....#....#
#.#######......######
#.................
#.........###########
#....§h.............#
######@......#####.#
+.......'...#.#
#.......###.#.#
######### #.#.# #.#.#
#.#.# #.#.# #...#
#####


You could see Natasha.

Vanquished Creatures
  A gnoll (D:1)
  A dart slug (D:1)
  A ball python (D:1)
  2 bats (D:1)
  3 endoplasms (D:1)
  A giant cockroach (D:1)
  5 goblins (D:1)
  4 hobgoblins (D:1)
  9 jackals
  3 kobolds (D:1)
  2 rats (D:1)
32 creatures vanquished.

Notes
Turn   | Place    | Note
-------+----------+-------------------------------------------
     0 | D:1      | GiantSquids the Mountain Dwarf Fighter began the quest for
                  | the Orb.
     0 | D:1      | Reached XP level 1. HP: 19/19 MP: 1/1
    31 | D:1      | Reached skill level 3 in Axes
    79 | D:1      | Reached XP level 2. HP: 26/26 MP: 2/2
   254 | D:1      | Reached skill level 4 in Axes
   254 | D:1      | Reached XP level 3. HP: 25/31 MP: 3/3
   728 | D:2      | Noticed Natasha
   740 | D:2      | HP: 1/31 [Natasha/magic dart (5)]
   740 | D:2      | Killed from afar by Natasha

Illustrated notes

Levels and vault maps discovered:
D:1:      lightli_arrival_statue_moat, layout_basic
D:2:      layout_basic, uniq_natasha, uniq_robin

Skill      XL: |  1  2 |
---------------+-------+-----
Axes           | 3 4 |  4.9
Fighting       | |  3.2
Armour         | |  3.2
Shields        | |  3.2

Action                     || total
---------------------------++-------
  Melee: War axe           ||    82
 Armour: Scale mail        ||    68
  Dodge: Dodged            ||    43
  Block: Buckler           ||    25

Table legend: (Time is in decaauts)
 A = Elapsed time spent in this place.
 B = Non-inter-level travel time spent in this place.
 C = Inter-level travel time spent in this place.
 D = Time resting spent in this place.
 E = Time spent auto-exploring this place.
 F = Levels seen in this place.
 G = Mean time per level.
                   A        B        C        D        E       F      G
               +--------+--------+--------+--------+--------+-----+--------+
         Total |    768 |    746 |     22 |      0 |    555 |   2 |  384.0 |
       Dungeon |    768 |    746 |     22 |      0 |    555 |   2 |  384.0 |
               +--------+--------+--------+--------+--------+-----+--------+

Top non-repeatable levels by time:
     D:1: 696 daAuts
     D:2: 72 daAuts
